 Dungeon Crawl Stone Soup version 0.23.2-33-g5129a83184 (webtiles) character file.

Game seed: 10813567448668566270

14 Joat the Stinger (level 2, 0/22 HPs)
             Began as a Demonspawn Wanderer on July 4, 2019.
             Slain by a hobgoblin (1 damage)
             ... on level 1 of the Dungeon.
             The game lasted 00:02:49 (976 turns).

Joat the Stinger (Demonspawn Wanderer)               Turns: 976, Time: 00:02:50

Health: 0/22       AC:  2    Str: 15    XL:     2   Next: 31%
Magic:  2/3        EV: 11    Int: 10    God:
Gold:   25         SH:  0    Dex: 12    Spells: 2/3 levels left

rFire    . . .     SeeInvis .   a - +0 club
rCold    . . .     Gourm    .   (no shield)
rNeg     . . .     Faith    .   d - +0 robe
rPois    .         Spirit   .   (no helmet)
rElec    .         Reflect  .   (no cloak)
rCorr    .         Harm     .   (no gloves)
MR       .....                  (no boots)
Stlth    ++........             (no amulet)
HPRegen  0.07/turn              (no ring)
MPRegen  0.08/turn              (no ring)

@: no status effects
A: claws 1
a: no special abilities


You were on level 1 of the Dungeon.
You were hungry.

You visited 1 branch of the dungeon, and saw 1 of its levels.

You collected 25 gold pieces.

Inventory:

Hand Weapons
 a - a +0 club (weapon)
Missiles
 h - 4 stones (quivered)
Armour
 d - a +0 robe (worn)
Jewellery
 b - a +2 ring of evasion {unknown}
Scrolls
 e - 2 scrolls of identify {unknown}
 i - a scroll of noise {unknown}
Potions
 c - a potion of might {unknown}
 g - a potion of curing {unknown}
Comestibles
 f - 3 rations
 j - a chunk of flesh


   Skills:
 - Level 2.0 Fighting
 - Level 1.0 Armour
 - Level 1.0 Stealth
   Level 1.0 Shields
 - Level 1.0 Spellcasting
 + Level 2.0 Conjurations
   Level 1.0 Earth Magic
   Level 3.0 Poison Magic


You had 2 spell levels left.
You knew the following spells:

 Your Spells              Type           Power        Failure   Level  Hunger
z - Magic Dart            Conj           #...         14%         1    ##.....

Your spell library contained the following spells:

 Spells                   Type           Power        Failure   Level  Hunger
 Sting                    Conj/Pois      #...         12%         1    ##.....
 Sandblast                Erth           #.....       22%         1    ##.....
 Passwall                 Tmut/Erth      #.......     38%         2    ###....
 Stone Arrow              Conj/Erth      #.....       50%         3    ####...
 Ignite Poison            Fire/Tmut/Pois #.......     56%         3    ####...
 Petrify                  Tmut/Erth      #.......     95%         4    #####..
 Lee's Rapid Deconstruct  Erth           #.........   99%         5    ######.


Dungeon Overview and Level Annotations

Branches:
Dungeon (1/15)

Altars:


Innate Abilities, Weirdness & Mutations

You have sharp fingernails.


Message History

The hobgoblin closely misses you.
You hit the hobgoblin but do no damage.
The hobgoblin is severely wounded.
The hobgoblin hits you.
* * * LOW HITPOINT WARNING * * *
The hobgoblin hits you.
* * * LOW HITPOINT WARNING * * *
You barely miss the hobgoblin.
The hobgoblin is moderately wounded.
The hobgoblin hits you.
* * * LOW HITPOINT WARNING * * *
Casting: Magic Dart (safe; 14% risk of failure)
Confirm with . or Enter, or press ? or * to list all spells.
Aiming: Magic Dart (safe; 14% risk of failure)
Press: ? - help, Shift-Dir - straight line, f - hobgoblin
Aim: a hobgoblin, wearing a +0 scale mail (moderately wounded)
The magic dart hits the hobgoblin but does no damage.
The hobgoblin is moderately wounded.
The hobgoblin hits you.
You die...

. #.# ###..
..#.#......
##.#.#......
....+......
#.#.#.....#
##.........#
#...g......#
###########
#...@......#
).........#
#.#...#.#...
#########.# #...# #
#.######.## # ######
#........##.#
.#...###########....#
.#.#.........# #>####
.#.#.#####.#.# #รท#
.#.#..)......# #.#


You could see a hobgoblin.

Vanquished Creatures
  An ooze (D:1)
  A goblin (D:1)
  A hobgoblin (D:1)
  2 bats (D:1)
  A frilled lizard (D:1)
  A kobold (D:1)
  6 rats (D:1)
13 creatures vanquished.

Notes
Turn   | Place    | Note
-------+----------+-------------------------------------------
     0 | D:1      | Joat the Demonspawn Wanderer began the quest for the Orb.
     0 | D:1      | Joat set off with the following items: a +0 club, a +0
                  | robe, a ration; and the following spells available to
                  | memorise: Sting, Sandblast, Magic Dart, Passwall, Ignite
                  | Poison, Stone Arrow, Petrify, Lee's Rapid Deconstruction
     0 | D:1      | Reached XP level 1. HP: 16/16 MP: 2/2
     2 | D:1      | Learned a level 1 spell: Magic Dart
    42 | D:1      | Reached skill level 1 in Conjurations
   423 | D:1      | Gained mutation: You have sharp fingernails. [demonic
                  | ancestry]
   423 | D:1      | Reached XP level 2. HP: 11/22 MP: 3/3
   975 | D:1      | HP: 1/22 [hobgoblin (2)]
   976 | D:1      | Slain by a hobgoblin

Skill      XL: |  1  2 |
---------------+-------+-----
Conjurations   | 1 2 |  2.0
Fighting       | |  2.0
Armour         | |  1.0
Stealth        | |  1.0
Shields        | |  1.0
Spellcasting   | |  1.0
Earth Magic    | |  1.0
Poison Magic   | |  3.0

Action                   || total
-------------------------++-------
Melee: Club              ||    70
 Cast: Magic Dart        ||     5
Armor: Robe              ||    11
Dodge: Dodged            ||    52
